 Dungeon Crawl Stone Soup version 0.22-a0-880-gb7b0c8b (webtiles) character file.

712 poirepourri the Cleaver (level 7, -8/61 HPs)
             Began as a Deep Dwarf Fighter on July 30, 2018.
             Mangled by biddum's ghost (12 damage)
             ... on level 3 of the Dungeon.
             The game lasted 00:03:45 (2855 turns).

poirepourri the Cleaver (Deep Dwarf Fighter)        Turns: 2855, Time: 00:03:46

Health: -8/61      AC:  6    Str: 19    XL:     7   Next: 41%
Magic:  7/7        EV:  7    Int: 12    God:
Gold:   177        SH: 10    Dex: 14    Spells: 6/6 levels left

rFire    . . .     SeeInvis .   a - +0 war axe
rCold    . . .     Gourm    .   c - +1 shield
rNeg     . . .     Faith    .   j - +0 scale mail
rPois    .         Spirit   .   (no helmet)
rElec    .         Reflect  .   (no cloak)
rCorr    .         Harm     .   (no gloves)
MR       +....                  (no boots)
Stlth    ..........             (no amulet)
HPRegen  0.00/turn              i - +3 ring of intelligence
MPRegen  0.10/turn              (no ring)

@: non-regenerating
A: damage resistance, heal wounds, sense surroundings 1, no regeneration
a: Heal Wounds


You were on level 3 of the Dungeon.
You were not hungry.

You visited 1 branch of the dungeon, and saw 3 of its levels.

You collected 177 gold pieces.

Inventory:

Hand Weapons
 a - a +0 war axe (weapon)
 b - a +6 hunting sling
Missiles
 k - 10 sling bullets
Armour
 c - a +1 shield (worn)
 j - a +0 scale mail (worn)
Jewellery
 i - a +3 ring of intelligence (left hand)
 m - an uncursed amulet of faith {unknown}
Scrolls
 e - a scroll of magic mapping
 g - 4 scrolls of remove curse
Comestibles
 f - 2 rations


   Skills:
 - Level 2.6 Fighting
 + Level 9.2 Axes
 - Level 3.2 Armour
 - Level 3.2 Shields


You had 6 spell levels left.
You didn't know any spells.
Your spell library was empty.

Dungeon Overview and Level Annotations

Branches:
Dungeon (3/15)

Altars:
Ashenzari
Qazlal

Annotations:
D:3 biddum's ghost, amateur MiFi


Innate Abilities, Weirdness & Mutations

You are resistant to damage.
You can heal yourself by infusing magical energy.
You passively map a small area around you.
You do not regenerate.


Message History

You barely miss the adder.
The adder is almost dead.
The adder bites you but does no damage. x2
You slash the adder!
You kill the adder!
You slash biddum's ghost!
Biddum's ghost is moderately damaged.
Biddum's ghost hits you!
* * * LOW HITPOINT WARNING * * *
You slash biddum's ghost!
Biddum's ghost is heavily damaged.
Biddum's ghost hits you!
* * * LOW HITPOINT WARNING * * *
You completely miss biddum's ghost.
Biddum's ghost is heavily damaged.
You block biddum's ghost's attack.
You hit biddum's ghost but do no damage.
Biddum's ghost is heavily damaged.
Biddum's ghost hits you!
You die...

#.# #####.#####
##...## #.#
#.........# #.....#
#.# #.###.###.#
#.#.#.# #.# #.#
#.###.####.#.#.#
#######.#### #.#
#..............#
#..........#
#.#######.##.#.....#
...#PP####.# #.#..##
#.##.#......
..#PP......#
#.#.########.##.....
..#.....P#.#
#..@W≈≈≈≈$≈#.###.#..
†.#......#.#
##..########.......#
..#...[..#.# #...##
#####.###
..#...P..#.#
#....##### #.# #
#.P......#.#
####.....# #.# #
#.#P#''##P.# #.#.#.#
#.# # ...........#
#.#.#.# ##.###
.###...##### ##.#.##
###(.... .# #.###
#.###.# #....(##


You could see biddum's ghost.

Vanquished Creatures
  Grinder (D:3)
  Sigmund (D:3)
  2 bullfrogs (D:3)
  A hound (D:3)
  Natasha (twice) (D:3)
  A worker ant (D:3)
  A gnoll (D:1)
  6 adders (D:3)
  2 oozes (D:1)
  4 leopard geckos
  9 orcs (D:3)
  A ball python (D:1)
  2 giant cockroaches (D:3)
  6 goblins
  2 hobgoblins
  2 jackals (D:3)
  A quokka (D:3)
  4 bats
  3 frilled lizards (D:1)
  10 kobolds
  6 rats
67 creatures vanquished.

Vanquished Creatures (others)
  A plant (D:3)
1 creature vanquished.

Grand Total: 68 creatures vanquished

Notes
Turn   | Place    | Note
-------+----------+-------------------------------------------
     0 | D:1      | poirepourri the Deep Dwarf Fighter began the quest for the Orb.
     0 | D:1      | Reached XP level 1. HP: 20/20 MP: 1/1
    90 | D:1      | Reached skill level 3 in Axes
    93 | D:1      | Reached XP level 2. HP: 25/27 MP: 2/2
   544 | D:1      | Reached skill level 4 in Axes
   544 | D:1      | Reached XP level 3. HP: 15/33 MP: 3/3
  1100 | D:2      | Found a stormy altar of Qazlal.
  1499 | D:3      | Reached XP level 4. HP: 23/40 MP: 4/4
  1569 | D:3      | Found a shattered altar of Ashenzari.
  1581 | D:3      | Noticed a bullfrog
  1586 | D:3      | Killed a bullfrog
  1586 | D:3      | Reached skill level 5 in Axes
  1592 | D:3      | Reached XP level 5. HP: 23/46 MP: 5/5
  1675 | D:3      | Noticed Sigmund
  1702 | D:3      | Killed Sigmund
  1702 | D:3      | Reached skill level 7 in Axes
  1702 | D:3      | Reached XP level 6. HP: 13/55 MP: 6/6
  1766 | D:3      | Found a faded altar of an unknown god.
  1911 | D:3      | Found a runed door.
  1913 | D:3      | Noticed biddum's ghost (amateur MiFi)
  1980 | D:3      | Noticed Grinder
  2096 | D:3      | Paralysed by Grinder for 6 turns
  2109 | D:3      | Paralysed by Grinder for 2 turns
  2118 | D:3      | Killed Grinder
  2118 | D:3      | Reached skill level 8 in Axes
  2118 | D:3      | Reached XP level 7. HP: 32/61 MP: 7/7
  2452 | D:3      | Noticed Natasha
  2458 | D:3      | Killed Natasha
  2619 | D:3      | Noticed Natasha
  2624 | D:3      | Killed Natasha
  2841 | D:3      | Reached skill level 9 in Axes
  2855 | D:3      | Mangled by biddum's ghost

Vault maps used:
D:1:      dpeg_arrival_pits
D:2:      first_ration, grunt_qazlal_sundering
D:3:      cheibrodos_old_hovel, ashenzari_conservatory_becter,
          chequers_ecumenical_altar_island, ebering_ghost_sewer_d,
          wad_floor_pattern_untrapped, roderic_roman_lattice, uniq_natasha,
          uniq_sigmund, uniq_grinder

Skill      XL: |  1  2  3  4  5  6  7 |
---------------+----------------------+-----
Axes           | 3 4 5 7 8 9 |  9.2
Fighting       | |  2.6
Armour         | |  3.2
Shields        | |  3.2

Action                   |  1- 3 |  4- 6 |  7- 9 || total
-------------------------+-------+-------+-------++-------
Melee: War axe           |    71 |    97 |    26 ||   194
 Fire: Hunting sling     |     7 |    10 |    10 ||    27
 Abil: Heal Wounds       |       |     3 |       ||     3
  Use: Scroll            |     9 |     1 |       ||    10
       Potion            |     4 |     5 |       ||     9
 Stab: Invisible         |       |     1 |       ||     1
  Eat: Ration            |     1 |     1 |       ||     2
Armor: Scale mail        |    23 |    17 |    11 ||    51
Dodge: Dodged            |    24 |    27 |     4 ||    55
Block: Shield            |    34 |    44 |     8 ||    86

Table legend:
 A = Spawn XP
 B = Non-spawn XP
 C = Spawn XP percentage of total XP
 D = Spawn monster count
 E = Non-spawn monster count
 F = Spawn count percentage of total count
 G = Total turns spent on level
                    A         B        C        D         E        F      G
               +---------+---------+-------+---------+---------+-------+---------
         Total |       0 |    1018 |   0.0 |       0 |      67 |   0.0 |  2855
               +---------+---------+-------+---------+---------+-------+---------
           D:1 |       0 |      56 |   0.0 |       0 |      20 |   0.0 |  1043
           D:2 |       0 |      16 |   0.0 |       0 |      10 |   0.0 |   405
           D:3 |       0 |     946 |   0.0 |       0 |      37 |   0.0 |  1407
               +---------+---------+-------+---------+---------+-------+---------
